 Dungeon Crawl Stone Soup version 0.19-a0-1932-g59670f6 (webtiles) character file.

128522 patrickswayze the Black Belt (level 17, -5/103 HPs)
             Began as an Octopode Monk on Oct 24, 2016.
             Was the Champion of Hepliaklqana.
             Slain by a merfolk impaler
             ... wielding a +0 trident
              (8 damage)
             ... on level 3 of the Shoals on Oct 26, 2016.
             The game lasted 02:22:34 (40531 turns).

patrickswayze the Black Belt (Octopode Monk)       Turns: 40531, Time: 02:22:35

Health: -5/103     AC: 13    Str: 11    XL:     17   Next: 3%
Magic:  1/17       EV: 30    Int: 18    God:    Hepliaklqana [******]
Gold:   1145       SH:  8    Dex: 20    Spells: 5 memorised, 4 levels left

rFire  + + .     SeeInvis +       - Unarmed
rCold  . . .     Gourm    .     (no shield)
rNeg   . . .     Faith    .     N - +2 hat {SInv}
rPois  +         Spirit   .     A - brooch of Shielding {Reflect SH+8}
rElec  .         Reflect  +     x - ring of protection from magic
rCorr  .         Harm     .     B - ring of wizardry
MR     ++...     Clarity  +     M - ring of protection from fire
Stlth  +++++++...               P - ring of wizardry
                                X - ring of poison resistance
                                F - +6 ring of protection
                                T - +2 ring of protection
                                O - ring of stealth

@: agile, barbed spikes, very slightly contaminated
A: almost no armour, stealthy swim, amphibious, 8 rings, constrict 8, reduced
essence, slimy green scales 1, camouflage 1, see invisible, clarity, fire
resistance 1, wild magic 1, gelatinous body 1
a: Recall Ancestor, Ancestor Identity, Transference, Idealise, Renounce Religion


You were on level 3 of the Shoals.
You worshipped Hepliaklqana.
Hepliaklqana was exalted by your worship.
You were hungry.

You visited 6 branches of the dungeon, and saw 28 of its levels.

You collected 2601 gold pieces.
You spent 1456 gold pieces at shops.


Innate Abilities, Weirdness & Mutations

You cannot wear most types of armour.
You are very stealthy in the water. (Stealth+)
You are amphibious.
You can wear up to eight rings at the same time.
You can use your tentacles to constrict eight enemies at once.
Your skin changes colour to match your surroundings (Stealth+).
Your rubbery body absorbs attacks. (AC +1, EV +1)
Your life essence is reduced. (-10% HP)
You are partially covered in slimy green scales. (AC +2)
You have supernaturally acute eyesight. (SInv)
You possess an exceptional clarity of mind.
Your flesh is heat resistant. (rF+)
Your spells are a little harder to cast, but a little more powerful.


   Skills:
 - Level 10.1 Fighting
 - Level 14.3 Dodging
 - Level 2.6 Stealth
 - Level 18.9 Unarmed Combat
 - Level 11.0 Transmutations
 + Level 10.4 Earth Magic


You had 4 spell levels left.
You knew the following spells:

 Your Spells              Type           Power        Failure   Level  Hunger
r - Repel Missiles        Chrm/Air       #.....       13%         2    ###....
v - Blink                 Tloc           N/A          13%         2    ###....
S - Statue Form           Tmut/Erth      ######...    17%         6    #######
X - Confusing Touch       Hex            #.....       8%          1    ##.....
Z - Animate Skeleton      Necr           N/A          8%          1    ##.....

Inventory:

Hand Weapons
 b - the +6 spear "Popivent" {pierce, rF++, unknown}
   (You found it on level 2 of the Shoals)

   It inflicts extra damage upon your enemies.
   It greatly protects you from fire.
Missiles
 c - 10 throwing nets
 e - 993 stones (quivered)
 o - 8 curare-tipped needles
 y - 5 poisoned javelins
 V - 105 poisoned needles
Armour
 N - a +2 hat of see invisible (worn)
Jewellery
 n - an uncursed amulet of the gourmand
 x - a ring of protection from magic (left tentacle)
 A - the brooch of Shielding (around mantle) {Reflect SH+8}
   (You found it on level 5 of the Dungeon)

   [amulet of reflection]

   It shields you and reflects attacks.
   It affects your SH (+8).
 B - a ring of wizardry (right tentacle)
 F - a +6 ring of protection (on tentacle)
 M - a ring of protection from fire (on tentacle)
 O - a ring of stealth (on tentacle)
 P - a ring of wizardry (on tentacle)
 T - a +2 ring of protection (on tentacle)
 X - a ring of poison resistance (on tentacle)
Wands
 p - a wand of iceblast (9/15)
 s - a wand of digging (8/24)
 D - a wand of paralysis (14/24)
 G - a wand of digging (5/24)
 R - a wand of iceblast (6/15)
 W - a wand of acid (5/15)
 Z - a wand of acid (11/15)
Scrolls
 g - 2 scrolls of enchant armour
 h - 4 scrolls of magic mapping
 i - 2 scrolls of identify
 j - 3 scrolls of amnesia
 E - a scroll of fog
 J - 7 scrolls of remove curse
 L - 3 scrolls of enchant weapon
Potions
 d - 2 potions of flight
 k - 6 potions of brilliance
 m - 3 potions of mutation {!q}
 r - 2 potions of lignification {!q}
 v - 3 potions of might
 z - 3 potions of resistance
 C - a potion of cancellation
 I - 5 potions of berserk rage {!q}
 Q - a potion of curing
 Y - a potion of cure mutation {!q}
Books
 f - a book of Spatial Translocations

   Spells                             Type                      Level
   a - Blink                          Translocation                2
   b - Shroud of Golubria             Charms/Translocation         2
   c - Lesser Beckoning               Translocation                3
   d - Portal Projectile              Translocation                3
   e - Teleport Other                 Translocation                3
   f - Passage of Golubria            Translocation                4
 t - the Disquisition on Ashen Poisoning
   (You bought it in a shop on level 6 of the Dungeon)

   Spells                             Type                      Level
   a - Sting                          Conjuration/Poison           1
   b - Sandblast                      Earth                        1
   c - Stone Arrow                    Conjuration/Earth            3
   d - Olgreb's Toxic Radiance        Poison                       4
   e - Alistair's Intoxication        Transmutation/Poison         5
   f - Statue Form                    Transmutation/Earth          6
 U - a book of Unlife

   Spells                             Type                      Level
   a - Recall                         Summoning/Translocation      3
   b - Animate Dead                   Necromancy                   4
   c - Control Undead                 Necromancy                   4
   d - Cigotuvi's Embrace             Necromancy                   5
   e - Death Channel                  Necromancy                   6
   f - Simulacrum                     Ice/Necromancy               6
Miscellaneous
 H - a sack of spiders
Comestibles
 a - 12 bread rations
 l - 8 fruits
 q - 5 meat rations
 w - 5 chunks of flesh


Message History

Casting: Blink
Confirm with . or Enter, or press ? or * to list all spells.
You blink.
Unknown command.
Casting: Blink
Confirm with . or Enter, or press ? or * to list all spells.
You miscast Blink.
You are very lightly contaminated with residual magic.
The floor and the ceiling briefly switch places.
You are feeling hungry.
The merfolk barely misses you.
Unknown command.
Okay, then.
Okay, then.
Evoke which item? (* to show all) (? for menu, Esc to quit)
You reach into the bag... ...but nothing happens.
The siren chants a haunting song.
You are unaffected.
The merfolk impaler hits you from afar with a trident!
You die...

~~~~~~~~~~~¤.(aa¤~)~~~~~~~~~~~~~~
.~~~~~~~~~~~¤~¤E~~~)~~~~~~~~~~~~~
~~~~~~~~~~~~~¤~¤¤~~~~~~~~~~~~~~~~
~~~..~~~~~~~~~~~m~~~~~~~~~~~~~~~~
~~...~~~(~~(~~~~~~~~~~~~~~~~~~~~~
(...~~~~~~~~(~~Zm~E~~~~~~~~~~~~~~
.~~~~~~)~~~~~~(mm~~~~~~~~~~~~~~~~
.~~~~~~~.~~~~~~R~~~~~(~~~~~~~~~~~
~~~~~..~~~~~~~~~@~~~~~~~~~~~~~~~~
~~~~~..mm~~~~~~~~~~~~~~~~~~~~~~~~
~~~~~~~~¤~~~~~~~~~~~.....~~~~~~~~
~~~~~~~¤¤)~~~~~~~~~...##..~~~~~~~
~~~~~~~¤¤~~~~~~~~~~~..#....~~~~~~
~~~~~~~¤¤~~~~~~~~~~(...#....~~~~~
~~~~~~~~~~~~~~~~~~(~~.#####....~~
~~~~~~~~~~~~~..~~~~~...
~~~~~~~~~~~~~.~


You could see the friendly Publia the knight, a merfolk impaler, 2 merfolk, 2
water elementals, a siren and a friendly merfolk skeleton.

Vanquished Creatures
  A kraken (Shoals:2)
  Gastronok (Lair:1)
  2 merfolk impalers
  Josephine (Snake:1)
  11 hydras
  2 merfolk avatars (Shoals:1)
  An anaconda (Snake:1)
  An alligator snapping turtle (Shoals:1)
  2 catoblepae (Lair:6)
  2 merfolk aquamancers (Shoals:2)
  3 death yaks (Lair:6)
  2 orc high priests (Orc:2)
  A skeletal warrior (D:15)
  A fire crab (shapeshifter) (D:14)
  2 wizards
  2 unseen horrors
  A glowing orange brain (shapeshifter) (D:15)
  8 sea snakes
  A storm dragon skeleton (D:15)
  The ghost of KristoblXynda the Covert, a novice SpAr of Uskayaw (D:9)
  2 necromancers
  A lindwurm (Lair:5)
  A phantasmal warrior (D:15)
  7 hill giants
  13 harpies
  3 orc sorcerers
  3 cyclopes
  4 deep elf magi
  4 orc knights (Orc:2)
  A faun (Shoals:2)
  7 ugly things
  2 manticores (Shoals:3)
  Joseph (D:7)
  3 black mambas
  9 sirens
  8 elephants
  3 centaur skeletons
  A yaktaur zombie (D:15)
  A gargoyle (D:14)
  A water nymph (Shoals:3)
  6 spiny frogs
  4 rime drakes
  A kobold demonologist (D:12)
  9 komodo dragons
  3 polar bears
  3 trolls
  11 merfolk
  A hornet (D:11)
  Prince Ribbit (D:8)
  12 blink frogs
  9 hippogriffs
  4 snapping turtles
  7 slime creatures
  5 water elementals (Shoals:2)
  2 shadows
  2 vampires
  46 yaks
  3 wyverns
  5 wraiths
  2 hungry ghosts
  3 vampire mosquitoes
  5 basilisks
  A mottled dragon (D:11)
  Menkaure (D:5)
  2 wargs
  2 nagas (Lair:4)
  10 water moccasins
  Duvessa (D:6)
  4 porcupines
  12 orc warriors
  3 ice beasts
  4 sky beasts
  A black bear (Lair:5)
  2 eyes of draining
  2 hornet zombies
  11 ogres
  9 wolves
  8 centaurs
  10 crocodiles
  3 big kobolds
  A knight (D:12)
  10 bullfrogs
  4 scorpions
  7 wights
  6 killer bees
  4 howler monkeys
  9 crimson imps
  3 centaur zombies
  2 bullfrog zombies
  2 bullfrog skeletons
  A jelly (D:9)
  Crazy Yiuf (D:7)
  3 hounds
  6 orc priests
  A gnoll shaman (D:9)
  2 iguanas
  Ijyb (D:2)
  16 orc wizards
  10 worker ants
  A hound skeleton (D:5)
  Robin (D:1)
  A worker ant zombie (D:8)
  7 gnolls
  A howler monkey skeleton (D:6)
  6 adders
  A river rat (Lair:5)
  3 shadow imps
  8 white imps
  An ufetubus (D:12)
  An adder zombie (D:6)
  A worm (D:2)
  2 dart slugs
  4 leopard geckos
  37 orcs
  3 ball pythons
  5 giant cockroaches
  16 goblins
  11 hobgoblins
  2 jackals (D:10)
  2 quokkas
  8 bats
  5 frilled lizards
  A jackal simulacrum (D:9)
  10 kobolds
  A leopard gecko skeleton (D:5)
  A quokka skeleton (D:6)
  A quokka zombie (D:5)
  11 rats
  A spectral orc (D:4)
  2 fungi (Lair:1)
  A plant (Orc:1)
596 creatures vanquished.

Vanquished Creatures (collateral kills)
  A merfolk javelineer (Shoals:2)
  The ghost of whitenoisemaker the Cruncher, a journeyman DsGl of Makhleb (Lair:6)
  A catoblepas (Lair:6)
  A hydra (Lair:3)
  An ogre mage (D:15)
  An orc high priest (Orc:2)
  6 death yaks
  A tengu warrior (D:12)
  4 sea snakes
  5 hill giants
  A lindwurm (Lair:6)
  2 orc sorcerers (Orc:2)
  8 harpies
  2 fauns (Shoals:2)
  An ugly thing (D:7)
  A cyclops (D:12)
  5 elephants
  6 manticores
  A black mamba (Lair:6)
  2 water nymphs
  A spiny frog (Lair:6)
  A naga mage (Snake:1)
  A rime drake (Lair:3)
  A freezing wraith (D:15)
  3 komodo dragons
  A spriggan zombie (D:15)
  A guardian mummy (D:14)
  2 trolls
  4 merfolk
  A wind drake (Shoals:2)
  6 blink frogs
  5 slime creatures (D:12)
  6 hippogriffs
  2 snapping turtles
  3 wraiths
  A fire dragon skeleton (D:15)
  22 yaks
  Grum (D:8)
  2 wyverns
  2 water elementals
  2 vampire mosquitoes (D:15)
  A soldier ant (D:15)
  3 water moccasins
  2 nagas (Lair:4)
  2 porcupines
  2 orc warriors
  A sky beast (D:10)
  A necrophage (D:11)
  6 centaurs
  A wolf (D:9)
  5 ogres
  10 crocodiles
  5 bullfrogs
  Dowan (D:6)
  3 killer bees
  A wight (D:12)
  An electric eel (D:9)
  2 jellies
  2 crimson imps (D:12)
  A bullfrog zombie (D:13)
  5 orc priests
  2 orc wizards (Orc:2)
  An iguana (D:12)
  A worker ant (D:13)
  A bullfrog simulacrum (D:9)
  A worker ant zombie (D:7)
  2 gnolls
  2 adders
  A howler monkey skeleton (D:9)
  A hound simulacrum (D:9)
  2 shadow imps
  A white imp (D:10)
  2 ufetubi (D:9)
  An adder skeleton (D:6)
  An adder simulacrum (D:9)
  19 orcs
  6 kobolds
  2 rats (Lair:5)
  2 fungi
  3 plants
  2 tentacles (Shoals:2)
227 creatures vanquished.

Vanquished Creatures (others)
  Urug (Lair:3)
  23 knights
  2 goblins
  25 fungi
  20 plants
  6 tentacles (Shoals:2)
  A withered plant (D:15)
78 creatures vanquished.

Grand Total: 901 creatures vanquished

Notes
Turn   | Place    | Note
-------+----------+-------------------------------------------
     0 | D:1      | patrickswayze the Octopode Monk began the quest for the Orb.
     0 | D:1      | Reached XP level 1. HP: 16/16 MP: 1/1
   142 | D:1      | Reached XP level 2. HP: 19/21 MP: 2/2
  1049 | D:2      | Noticed Ijyb
  1212 | D:2      | Reached XP level 3. HP: 23/26 MP: 3/3
  1433 | D:2      | Noticed Robin
  1541 | D:1      | Killed Robin
  1818 | D:2      | Reached XP level 4. HP: 31/31 MP: 4/4
  2569 | D:3      | Found a shattered altar of Ashenzari.
  2700 | D:3      | Found a radiant altar of Vehumet.
  2975 | D:4      | Found a basalt altar of Yredelemnul.
  3191 | D:4      | Reached XP level 5. HP: 33/36 MP: 5/5
  3405 | D:4      | Reached skill level 4 in Unarmed Combat
  3619 | D:4      | Noticed an ogre
  3627 | D:5      | Entered Level 5 of the Dungeon
  3752 | D:5      | Noticed a water moccasin
  3763 | D:5      | Killed a water moccasin
  3763 | D:5      | Reached skill level 5 in Unarmed Combat
  3763 | D:5      | Reached XP level 6. HP: 12/42 MP: 6/6
  3767 | D:5      | HP: 8/42 [poisoned by a water moccasin]
  3773 | D:5      | HP: 6/42 [poisoned by a water moccasin]
  3778 | D:5      | HP: 4/42 [poisoned by a water moccasin]
  3785 | D:5      | HP: 3/42 [poisoned by a water moccasin]
  3793 | D:5      | HP: 2/42 [poisoned by a water moccasin]
  4400 | D:5      | Reached skill level 6 in Unarmed Combat
  4733 | D:5      | Found a staircase to the Ecumenical Temple.
  4779 | D:5      | Reached XP level 7. HP: 40/46 MP: 7/7
  4797 | Temple   | Entered the Ecumenical Temple
  5042 | Temple   | Became a worshipper of Hepliaklqana the Forgotten
  5042 | Temple   | Reached * piety under Hepliaklqana
  5042 | Temple   | Reached ** piety under Hepliaklqana
  5043 | Temple   | Remembered your ancestor Publia as a knight
  5198 | D:5      | Found an iron altar of Okawaru.
  5298 | D:5      | Noticed Menkaure
  5310 | D:5      | Killed Menkaure
  5310 | D:5      | Reached skill level 7 in Unarmed Combat
  5712 | D:2      | Killed Ijyb
  5902 | D:6      | Noticed Duvessa
  5903 | D:6      | Noticed Dowan
  5909 | D:6      | Killed Duvessa
  5909 | D:6      | Reached skill level 8 in Unarmed Combat
  5909 | D:6      | Reached XP level 8. HP: 29/46 MP: 8/8
  5924 | D:6      | Killed Dowan
  6149 | D:6      | Found Ceum's Book Emporium.
  6163 | D:6      | Bought a book of Cantrips for 240 gold pieces
  6165 | D:6      | Learned a level 1 spell: Animate Skeleton
  6167 | D:6      | Learned a level 1 spell: Confusing Touch
  6292 | D:6      | Reached skill level 9 in Unarmed Combat
  6304 | D:6      | Gained mutation: You have supernaturally acute eyesight. (SInv) [potion of beneficial mutation]
  6305 | D:6      | Gained mutation: Your flesh is heat resistant. (rF+) [potion of beneficial mutation]
  6306 | D:6      | Gained mutation: You possess an exceptional clarity of mind. [potion of beneficial mutation]
  6535 | D:7      | Noticed a hill giant
  6721 | D:7      | Reached *** piety under Hepliaklqana
  6797 | D:7      | Found a runed door.
  6861 | D:7      | Noticed Crazy Yiuf
  6868 | D:7      | Killed Crazy Yiuf
  6937 | D:7      | HP: 7/46 [centaur/arrow (8)]
  7117 | D:7      | Killed a hill giant
  7117 | D:7      | Reached skill level 11 in Unarmed Combat
  7117 | D:7      | Reached XP level 9. HP: 50/50 MP: 9/9
  7129 | D:7      | Noticed a white ugly thing
  7165 | D:7      | Killed a white ugly thing
  7405 | D:7      | Noticed Joseph
  7658 | D:7      | Killed Joseph
  7658 | D:7      | Reached skill level 12 in Unarmed Combat
  7780 | D:7      | Found a faded altar of an unknown god.
  7780 | D:7      | Found a faded altar of an unknown god.
  7785 | D:7      | Found a faded altar of an unknown god.
  7791 | D:7      | Found a faded altar of an unknown god.
  7792 | D:7      | Found a white marble altar of Elyvilon.
  7957 | D:8      | Found Operu's Weapon Boutique.
  7971 | D:8      | Found an iron altar of Okawaru.
  8023 | D:8      | Noticed Prince Ribbit
  8034 | D:8      | Found a shimmering altar of Xom.
  8264 | D:8      | Killed Prince Ribbit
  8402 | D:8      | Noticed Grum
  8445 | D:8      | Killed Grum
  8699 | D:8      | Reached XP level 10. HP: 61/61 MP: 8/10
  8776 | D:8      | Reached skill level 6 in Fighting
  9435 | D:9      | Reached **** piety under Hepliaklqana
  9439 | D:9      | Noticed KristoblXynda's ghost (novice SpAr)
  9452 | D:9      | Killed KristoblXynda's ghost
 10319 | D:8      | Reached skill level 13 in Unarmed Combat
 11256 | D:10     | Entered Level 10 of the Dungeon
 11313 | D:10     | Noticed a hill giant
 11473 | D:10     | Reached ***** piety under Hepliaklqana
 11542 | D:10     | Noticed a hill giant
 11602 | D:10     | Killed a hill giant
 11613 | D:10     | Reached skill level 14 in Unarmed Combat
 11716 | D:10     | Reached XP level 11. HP: 67/67 MP: 7/11
 11739 | D:10     | Found a staircase to the Lair.
 11765 | D:10     | You fall through a shaft!
 12189 | D:10     | Found Veaci's Distillery.
 12196 | D:10     | Bought a potion of haste for 130 gold pieces
 12196 | D:10     | Bought a potion of agility for 52 gold pieces
 12241 | D:10     | Found Riec Bofia's Weapon Shoppe.
 12431 | D:10     | Killed a hill giant
 12570 | D:11     | Noticed a cyclops
 12581 | D:11     | Found a staircase to the Orcish Mines.
 12637 | Lair:1   | Entered Level 1 of the Lair of Beasts
 12785 | Lair:1   | Noticed a six-headed hydra
 12878 | Lair:1   | Reached skill level 15 in Unarmed Combat
 13389 | Lair:2   | Reached skill level 6 in Dodging
 13803 | Lair:1   | Noticed Gastronok
 13819 | Lair:1   | Killed Gastronok
 13999 | Lair:1   | Killed a six-headed hydra
 13999 | Lair:1   | Reached skill level 9 in Dodging
 13999 | Lair:1   | Reached XP level 12. HP: 57/72 MP: 12/12
 14064 | Lair:1   | Noticed a six-headed hydra
 14078 | Lair:1   | Killed a six-headed hydra
 14082 | Lair:1   | Upgraded the game from 0.19-a0-1922-g1e9a4c1 to 0.19-a0-1932-g59670f6
 14193 | Lair:1   | Noticed a seven-headed hydra
 14776 | Lair:2   | Noticed a six-headed hydra
 14865 | Lair:3   | Found a labyrinth entrance.
 14865 | Lair:3   | Noticed a death yak
 14865 | Lair:3   | Noticed a death yak
 14865 | Lair:3   | Noticed a death yak
 14865 | Lair:3   | Noticed a death yak
 14867 | Lair:3   | HP: 12/72 [death yak (28)]
 15390 | Lair:2   | Noticed a five-headed hydra
 15399 | Lair:2   | Killed a five-headed hydra
 15406 | Lair:2   | Killed a six-headed hydra
 15577 | Lair:2   | You fall through a shaft!
 15577 | Lair:3   | Noticed a four-headed hydra
 15641 | Lair:3   | Noticed a six-headed hydra
 15729 | Lair:3   | Killed a death yak
 15746 | Lair:3   | Killed a death yak
 15844 | Lair:3   | HP: 9/72 [death yak (19)]
 15894 | Lair:2   | HP: 6/72 [black mamba (14)]
 16275 | Lair:2   | Reached skill level 12 in Dodging
 16345 | Lair:2   | Noticed a five-headed hydra
 16436 | Lair:3   | Noticed Urug
 16541 | Lair:3   | Reached ****** piety under Hepliaklqana
 16570 | Lair:3   | Found a staircase to the Shoals.
 16702 | Lair:3   | Killed Urug
 16845 | Lair:3   | Killed a death yak
 16880 | Lair:3   | HP: 3/72 [death yak (23)]
 16892 | Lair:3   | Killed a death yak
 16892 | Lair:3   | Reached XP level 13. HP: 6/77 MP: 13/13
 17314 | Lair:4   | Gained mutation: Your spells are a little harder to cast, but a little more powerful. [potion of beneficial mutation]
 17315 | Lair:4   | Gained mutation: You are partially covered in slimy green scales. (AC +2) [potion of beneficial mutation]
 17931 | Lair:4   | HP: 8/77 [six-headed hydra (14)]
 18600 | Lair:5   | You fall through a shaft!
 18600 | Lair:6   | Entered Level 6 of the Lair of Beasts
 18642 | Lair:6   | Found a staircase to the Slime Pits.
 18642 | Lair:6   | Found a viscous altar of Jiyva.
 18671 | Lair:6   | Noticed whitenoisemaker's ghost (journeyman DsGl)
 18835 | Lair:6   | HP: 18/120 [rime drake/flash freeze (20)]
 18961 | Lair:6   | HP: 16/81 [something/blast of calcifying dust (5)]
 18968 | Lair:6   | HP: 13/81 [something/blast of calcifying dust (4)]
 19017 | Lair:6   | HP: 16/81 [water moccasin (5)]
 19057 | Lair:6   | Reached skill level 9 in Fighting
 20205 | Lair:4   | Found a staircase to the Snake Pit.
 20935 | Lair:6   | Reached XP level 14. HP: 41/89 MP: 14/14
 21601 | Lair:6   | Reached skill level 16 in Unarmed Combat
 21667 | Lair:6   | Killed whitenoisemaker's ghost
 22118 | Lair:6   | HP: 16/89 [yak (12)]
 23560 | Lair:6   | Reached skill level 17 in Unarmed Combat
 23587 | Lair:6   | Got a crude executioner's axe
 25263 | D:12     | HP: 9/89 [hill giant/giant club (33)]
 25283 | D:12     | HP: 11/89 [orc wizard/magic dart (3)]
 25291 | D:12     | HP: 5/89 [deep elf mage/short sword (3)]
 26058 | D:12     | Reached skill level 18 in Unarmed Combat
 26104 | D:12     | Found Igienn's Assorted Antiques.
 26127 | D:12     | Bought a cabochon ring for 125 gold pieces
 26127 | D:12     | Bought a scroll of identify for 50 gold pieces
 26788 | D:12     | Reached XP level 15. HP: 92/92 MP: 13/15
 28047 | D:9      | Learned a level 2 spell: Repel Missiles
 28187 | D:6      | Bought the Disquisition on Ashen Poisoning for 649 gold pieces
 28194 | D:6      | Learned a level 6 spell: Statue Form
 28392 | D:12     | Reached skill level 1 in Transmutations
 28809 | D:14     | Reached skill level 3 in Transmutations
 29064 | D:14     | Found a gate to the Vaults.
 29374 | D:15     | Entered Level 15 of the Dungeon
 29375 | D:15     | Found a staircase to the Depths.
 29852 | D:15     | Reached skill level 6 in Transmutations
 31380 | Lair:4   | Reached skill level 1 in Earth Magic
 31846 | Orc:1    | Entered Level 1 of the Orcish Mines
 31977 | Orc:1    | Found Loum's Magic Scroll Shop.
 31986 | Orc:1    | Bought a scroll of identify for 24 gold pieces
 31986 | Orc:1    | Bought a scroll of identify for 24 gold pieces
 31986 | Orc:1    | Bought a scroll of blinking for 90 gold pieces
 32015 | Orc:1    | Found Withros's Assorted Antiques.
 32041 | Orc:1    | Bought a scroll of teleportation for 72 gold pieces
 32114 | Orc:1    | Found Fucecem's Assorted Antiques.
 32206 | Orc:1    | Found Lofuntot's Magic Scroll Boutique.
 32316 | Orc:2    | Entered Level 2 of the Orcish Mines
 32400 | Orc:2    | Found Plog's Weapon Boutique.
 32405 | Orc:2    | Found a staircase to the Elven Halls.
 32449 | Orc:2    | Found a roughly hewn altar of Beogh.
 32484 | Orc:2    | Reached skill level 3 in Earth Magic
 32770 | Orc:2    | HP: 8/92 [soul eater/drain life[an orc high priest] (16)]
 33456 | Orc:2    | Found Sucza's Distillery.
 33669 | Orc:2    | Reached XP level 16. HP: 98/98 MP: 16/16
 33674 | Orc:2    | Found Zueluczy's Book Emporium.
 33674 | Orc:2    | Found Viynt's Magic Scroll Shop.
 33678 | Orc:2    | Found Ythric's Gadget Emporium.
 33678 | Orc:2    | Found Deumn's Book Shop.
 33820 | D:9      | Learned a level 2 spell: Blink
 34098 | Lair:2   | Reached skill level 6 in Earth Magic
 34144 | Shoals:1 | Entered Level 1 of the Shoals
 34203 | Snake:1  | Entered Level 1 of the Snake Pit
 34205 | Snake:1  | Noticed Josephine
 34413 | Snake:1  | Killed Josephine
 36064 | Shoals:1 | Reached skill level 9 in Transmutations
 36811 | Shoals:2 | Noticed Roxanne
 36823 | Shoals:2 | Found Gayl's Antique Armour Shop.
 37520 | Shoals:2 | Noticed a kraken
 37542 | Shoals:2 | Killed a kraken
 37989 | Shoals:2 | Got an ichor-stained spear
 38759 | Shoals:3 | Reached skill level 9 in Earth Magic
 38810 | Shoals:2 | HP: 19/98 [faun/spear (3)]
 39138 | Shoals:3 | Found Uvup's Book Boutique.
 40027 | Shoals:3 | Reached XP level 17. HP: 64/103 MP: 17/17
 40523 | Shoals:3 | HP: 15/103 [merfolk/tomahawk (21)]
 40525 | Shoals:3 | HP: 1/103 [merfolk impaler/trident (10)]
 40531 | Shoals:3 | Slain by a merfolk impaler

Vault maps used:
D:1:      dpeg_arrival_circle_labyrinth_c
D:2:      uniq_iyjb, uniq_robin
D:3:      vehumet_crystals, nicolae_overflow_crystal_walls, minmay_liquid_box
D:4:      nicolae_overflow_hidden_temple, yredelemnul_forgotten_temple_becter,
          serial_bayou_ford_a
D:5:      first_bread, okawaru_altar_gauntlet_db, uniq_menkaure
D:6:      serial_shops, nicolae_shop_competitors_out_of_business,
          lightli_corner_chamber, uniq_duvessa
D:7:      chequers_temple_overflow_minitemple, grunt_ogre_cave, kb_rosetta,
          uniq_joseph, uniq_crazy_yiuf_cottage
D:8:      lemuel_crystal_altar, serial_shops, shop, supply_closet_lemuel,
          xom_teletrap_fun, uniq_prince_ribbit1, uniq_grum
D:9:      serial_ice, serial_ice_c, serial_ice_m, serial_ice_i, serial_ice_n,
          serial_ice_g, serial_ice_b, serial_ice_o, serial_ice_d
D:10:     dpeg_lair_monsters, serial_shops, shop, shop, st_stairs_11,
          minmay_nine_imps
D:11:     orc_0_dummy, minmay_variable_closet, kennysheep_generic_room_15
D:12:     minmay_concentric_multi, serial_shops, kennysheep_mini_moat
D:14:     david_vaults_1, nicolae_wwwww
D:15:     gammafunk_depths_entry_grave, nrook_mini_vaults
Temple:   regret_index_temple_generic_petals
Lair:1:   grunt_megastairs_5, uniq_gastronok
Lair:2:   portal_ice_cave_entry_pillars_1
Lair:3:   minmay_shoals_entry_centaurs, lab_entry_generic, uniq_urug
Lair:4:   minmay_snake_entry_guardpost_medium, serial_bayou_shore_b
Lair:5:   kennysheep_abandoned_house
Lair:6:   evilmike_catoblepas_cave, slime_altar_1, grunt_megastairs_4
Shoals:1: cheibrodos_shoals_roost
Shoals:2: serial_shops, shop, nicolae_shoals_kraken_intersection, uniq_roxanne
Shoals:3: nicolae_shoals_island_circles, serial_shops, shop,
          nicolae_shop_crystal, shop
Snake:1:  cheibrodos_forgotten_conduit, minmay_shoptagon, serial_bayou_shore_b,
          uniq_josephine, uniq_azrael
Orc:1:    serial_shops, nicolae_shop_overgrown_old_shop,
          nicolae_shop_behind_doors, nicolae_shop_waterfront,
          nicolae_shop_overgrown_old_shop, statue_in_the_mist_lemuel
Orc:2:    grunt_orc_tribal_feast, basic_altar, serial_shops, shop, shop

Action                   |  1- 3 |  4- 6 |  7- 9 | 10-12 | 13-15 | 16-18 || total
-------------------------+-------+-------+-------+-------+-------+-------++-------
Melee: Unarmed           |    67 |   128 |   115 |   466 |  1271 |   363 ||  2410
       Constrict         |    20 |    36 |    25 |    66 |   144 |    64 ||   355
       Tentacles         |    13 |    27 |    28 |    99 |   290 |   102 ||   559
       Punch             |       |       |    11 |    53 |   203 |    67 ||   334
Throw: Stone             |    16 |    45 |    16 |     9 |    17 |    16 ||   119
       Javelin           |       |       |       |       |       |     4 ||     4
 Cast: Confusing Touch   |       |       |    14 |    83 |    96 |    10 ||   203
       Animate Skeleton  |       |       |     6 |    39 |   105 |    31 ||   181
       Repel Missiles    |       |       |       |       |     1 |     4 ||     5
       Blink             |       |       |       |       |       |     8 ||     8
Invok: Ancestor Life: Kn |       |       |     1 |       |       |       ||     1
       Recall Ancestor   |       |       |     4 |    21 |    21 |     6 ||    52
Evoke: Wand              |       |       |     3 |     8 |       |     7 ||    18
       Sack of spiders   |       |       |       |       |       |     2 ||     2
  Use: Scroll            |     4 |     5 |     5 |    17 |    25 |     9 ||    65
       Potion            |       |       |     4 |     3 |    16 |     4 ||    27
 Stab: Sleeping          |     3 |     4 |     6 |     5 |    20 |     6 ||    44
       Distracted        |     1 |     1 |     2 |     3 |    11 |     5 ||    23
       Paralysed         |       |       |    10 |       |       |       ||    10
       Confused          |       |       |     8 |    45 |    73 |     9 ||   135
  Eat: Chunk             |     3 |     6 |     8 |    12 |    49 |     8 ||    86
       Royal jelly       |       |     1 |       |       |     1 |       ||     2
       Fruit             |       |     1 |       |       |       |       ||     1
       Beef jerky        |       |       |     2 |     5 |     6 |       ||    13
       Pizza             |       |       |     1 |       |       |     1 ||     2
       Bread ration      |       |       |       |     1 |       |       ||     1
       Meat ration       |       |       |       |     2 |     1 |     3 ||     6
Armor: Skin              |     2 |     5 |     3 |    11 |    81 |    37 ||   139
Dodge: Dodged            |    30 |    78 |    46 |   188 |   681 |   276 ||  1299
       Deflected         |       |       |       |       |     1 |     4 ||     5
Block: Other             |     8 |    21 |    21 |   117 |   271 |   127 ||   565
       Reflection        |       |     5 |     2 |     5 |     8 |    13 ||    33
